 Dungeon Crawl Stone Soup version 0.31-a0-177-g4aa6249778 (webtiles) character file.

Game seed: 12270480634953116076

280 qw the Shooter (level 6, -4/53 (56) HPs)
             Began as a Naga Hunter on June 18, 2023.
             Slain by a wight
             ... wielding a +0 dagger
              (5 damage)
             ... on level 4 of the Dungeon.
             The game lasted 00:00:51 (2253 turns).

qw the Shooter (Naga Hunter)                        Turns: 2253, Time: 00:00:51

HP:   -4/53 (56)    AC:  1    Str: 17    XL:     6   Next: 27%
MP:   0/6           EV: 10    Int:  9    God:
Gold: 114           SH:  0    Dex: 17    Spells: 5/5 levels left

rFire   + . .        Y - +0 shortbow
rCold   + . .        (shield currently unavailable)
rNeg    . . .        c - +0 leather armour
rPois   +            i - +2 hat
rElec   .            k - scarf of Kofum {rC+ rF+, Rampage}
rCorr   .            (no gloves)
SInv    +            (no barding)
Will    .....        f - amulet "Kooraol" {Spirit *Corrode Regen+ Str+4}
Stlth   ++           (no ring)
HPRegen 1.08/turn    (no ring)
MPRegen 0.10/turn

%: corrode self (3%), guardian spirit, rampage
@: corroded, drained, very slow
A: AC +2, large, see invisible, deformed body, poison resistance, slowness 2,
spit poison 1, naga tail 1
a: Spit Poison


You were on level 4 of the Dungeon.
You visited 1 branch of the dungeon, and saw 4 of its levels.

You collected 114 gold pieces.


Innate Abilities, Weirdness & Mutations

Your serpentine skin is tough. (AC +2)
You have supernaturally acute eyesight. (SInv)
Armour fits poorly on your strangely shaped body.
Your system is resistant to poisons. (rPois)
You cover ground very slowly.
You can spit poison.
You have a snake-like lower body.


   Skills:
 + Level 3.0 Fighting
 - Level 6.1 Ranged Weapons
 - Level 2.2 Dodging
 - Level 1.5 Stealth


You had 5 spell levels left.
You didn't know any spells.
Your spell library was empty.

Inventory:

Hand Weapons
 Y - a +0 shortbow (weapon)
Armour
 c - a +0 leather armour (worn)
 i - a +2 hat (worn)
 k - the scarf of Kofum (worn) {rC+ rF+, Rampage}
   (You found it on level 2 of the Dungeon)

   Rampage:   It bestows one free step when moving towards enemies.
Jewellery
 b - a ring of ice
 f - the amulet "Kooraol" (around neck) {Spirit *Corrode Regen+ Str+4}
   (You acquired it on level 2 of the Dungeon)

   [amulet of guardian spirit]

   It causes incoming damage to be divided between your reserves of health and
   magic.
   Str:       It affects your strength (+4).
   Regen:     It increases your rate of health regeneration.
   *Corrode:  It may corrode you when you take damage.
Scrolls
 l - a scroll of identify
Potions
 d - a potion of lignification {unknown}
 e - a potion of enlightenment {unknown}
 g - a potion of might {unknown}
 j - a potion of mutation {unknown}

Dungeon Overview and Level Annotations

Branches:
Dungeon (4/15)
 Temple: D:4-7

Altars:
Trog

Shops:
D:1 *


Message History

You shoot an arrow. The arrow hits the wight.
The wight is lightly damaged.
The wight hits you with a +0 scimitar!
You shoot an arrow.
The arrow hits the wight but does no damage.
The wight is lightly damaged.
The wight closely misses you.
The wight hits you with a +2 short sword.
You feel drained.
You shoot an arrow.
The arrow hits the wight but does no damage.
The wight is lightly damaged.
The wight closely misses you. x2
You shoot an arrow. The arrow hits the wight.
The wight is moderately damaged.
The wight hits you with a +0 scimitar!
Your corrosive artefact corrodes you!
You feel drained. The wight barely misses you.
You shoot an arrow. The arrow hits the wight.
The wight is heavily damaged.
The wight barely misses you. The wight completely misses you.
You shoot an arrow.
The arrow hits the wight but does no damage.
The wight is heavily damaged.
The wight hits you with a +0 scimitar!
The wight hits you with a +2 short sword.
You feel drained. The wight closely misses you.
You shoot an arrow. The arrow barely misses the wight.
The wight closely misses you. The wight hits you with a +0 dagger.
You feel drained.
You shoot an arrow. The arrow hits the wight!
You destroy the wight!
Your Dodging skill increases to level 2!
You shoot an arrow.
The arrow hits the wight but does no damage.
The wight hits you with a +0 dagger.
You shoot an arrow.
The arrow hits the wight but does no damage.
The wight hits you with a +2 short sword!
You feel drained. The wight hits you with a +0 dagger.
You die...

...... ...# #.....
.........#..##
#.#### #.#.....
#..###.# #...}..##
##.##..#
#.......+##...#.##
##.....P..#..#...#
.....P~~P.......##
#..P.....#####
#z@...#### #z#####
#z #. #. #. #. #.


You could see 3 wights.

Vanquished Creatures
  A bullfrog (D:3)
  A wight (D:4)
  A hound (D:4)
  An orc wizard (D:3)
  4 adders
  A worm (D:2)
  A dart slug (D:2)
  6 orcs (D:3)
  4 endoplasms
  3 giant cockroaches (D:1)
  4 goblins
  5 hobgoblins (D:2)
  8 jackals
  2 quokkas
  6 ball pythons
  3 bats
  7 frilled lizards
  7 kobolds
  8 rats
73 creatures vanquished.

Notes
Turn   | Place    | Note
-------+----------+-------------------------------------------
     0 | D:1      | qw the Naga Hunter began the quest for the Orb.
     0 | D:1      | Reached XP level 1. HP: 19/19 MP: 1/1
     0 | D:1      | 0 ||| qw: Version: 0.3-a-7-ge0c9b40
     0 | D:1      | 0 ||| qw: Game counter: 802
     0 | D:1      | 0 ||| qw: Always use a shield: true
     0 | D:1      | 0 ||| qw: God list: Okawaru
     0 | D:1      | 0 ||| qw: Allow faded altars: false
     0 | D:1      | 0 ||| qw: Do Orc after D:15 true
     0 | D:1      | 0 ||| qw: Do second Lair branch before Depths: true
     0 | D:1      | 0 ||| qw: Lair rune preference: random
     0 | D:1      | 0 ||| qw: Plans: Normal
     0 | D:1      | 0 ||| PLANNING D:1-11
    82 | D:1      | 82 ||| INVOKING Spit Poison.
   138 | D:1      | 138 ||| INVOKING Spit Poison.
   144 | D:1      | 144 ||| INVOKING Spit Poison.
   156 | D:1      | 156 ||| INVOKING Spit Poison.
   215 | D:1      | 215 ||| INVOKING Spit Poison.
   220 | D:1      | 220 ||| INVOKING Spit Poison.
   222 | D:1      | Reached skill level 4 in Ranged Weapons
   222 | D:1      | Reached XP level 2. HP: 22/26 MP: 2/2
   295 | D:1      | 295 ||| INVOKING Spit Poison.
   367 | D:1      | 367 ||| INVOKING Spit Poison.
   461 | D:1      | 461 ||| INVOKING Spit Poison.
   473 | D:1      | Found Raecinunex's General Store.
   479 | D:1      | 479 ||| SHOPLISTING +1 robe of the Archmagi (359 gold, have
                  | 23).
   479 | D:1      | 479 ||| SHOPLISTING potion of haste (110 gold, have 23).
   479 | D:1      | 479 ||| SHOPLISTING potion of might (44 gold, have 23).
   479 | D:1      | 479 ||| SHOPLISTING ring of resist corrosion (220 gold,
                  | have 23).
   483 | D:1      | 483 ||| INVOKING Spit Poison.
   513 | D:1      | 513 ||| INVOKING Spit Poison.
   767 | D:1      | 767 ||| INVOKING Spit Poison.
   783 | D:1      | 783 ||| INVOKING Spit Poison.
   787 | D:1      | 787 ||| INVOKING Spit Poison.
  1139 | D:1      | 1139 ||| DROPPING scroll of butterflies.
  1215 | D:2      | 1215 ||| INVOKING Spit Poison.
  1221 | D:2      | 1221 ||| INVOKING Spit Poison.
  1226 | D:2      | 1226 ||| INVOKING Spit Poison.
  1229 | D:2      | 1229 ||| INVOKING Spit Poison.
  1232 | D:2      | Reached XP level 3. HP: 29/32 MP: 3/3
  1252 | D:2      | 1252 ||| INVOKING Spit Poison.
  1259 | D:2      | 1259 ||| INVOKING Spit Poison.
  1268 | D:2      | 1268 ||| INVOKING Spit Poison.
  1285 | D:2      | 1285 ||| INVOKING Spit Poison.
  1288 | D:2      | 1288 ||| INVOKING Spit Poison.
  1303 | D:2      | 1303 ||| INVOKING Spit Poison.
  1307 | D:2      | 1307 ||| INVOKING Spit Poison.
  1316 | D:2      | 1316 ||| INVOKING Spit Poison.
  1328 | D:2      | 1328 ||| INVOKING Spit Poison.
  1331 | D:2      | 1331 ||| INVOKING Spit Poison.
  1336 | D:2      | 1336 ||| INVOKING Spit Poison.
  1340 | D:2      | Reached skill level 5 in Ranged Weapons
  1364 | D:2      | Reached XP level 4. HP: 39/39 MP: 4/4
  1440 | D:2      | Noticed a floating eye
  1442 | D:2      | Found a faded altar of an unknown god.
  1445 | D:2      | Noticed a shining eye
  1445 | D:2      | Noticed a golden eye
  1445 | D:2      | Noticed a floating eye
  1475 | D:2      | 1475 ||| INVOKING Spit Poison.
  1579 | D:2      | Identified the scarf of Kofum {rC+ rF+, Rampage}
  1601 | D:2      | 1601 ||| INVOKING Spit Poison.
  1693 | D:2      | 1693 ||| INVOKING Spit Poison.
  1729 | D:2      | 1729 ||| UPGRADING to scarf of Kofum {rC+ rF+, Rampage}.
  1734 | D:2      | 1734 ||| READING 3 scrolls labelled OHOWUCUAMYSTRY.
  1735 | D:2      | 1735 ||| READING scroll labelled YLOMUROUCK.
  1735 | D:2      | Identified a scroll of acquirement
  1735 | D:2      | 1735 ||| ACQUIRING amulet "Kooraol" {Spirit *Corrode Regen+
                  | Str+4}
  1735 | D:2      | Acquired the amulet "Kooraol" {Spirit *Corrode Regen+
                  | Str+4}
  1737 | D:2      | 1737 ||| UPGRADING to amulet "Kooraol" {Spirit *Corrode
                  | Regen+ Str+4}.
  1742 | D:2      | 1742 ||| READING scroll labelled PURIOJ WOAJO.
  1743 | D:2      | 1743 ||| READING scroll labelled DOXULE USIH.
  1744 | D:2      | 1744 ||| DROPPING 2 scrolls of blinking.
  1759 | D:3      | 1759 ||| INVOKING Spit Poison.
  1783 | D:3      | 1783 ||| INVOKING Spit Poison.
  1787 | D:3      | 1787 ||| INVOKING Spit Poison.
  1791 | D:3      | 1791 ||| INVOKING Spit Poison.
  1804 | D:3      | Found a bloodstained altar of Trog.
  1806 | D:3      | 1806 ||| INVOKING Spit Poison.
  1811 | D:3      | 1811 ||| INVOKING Spit Poison.
  1816 | D:3      | 1816 ||| INVOKING Spit Poison.
  1822 | D:3      | 1822 ||| INVOKING Spit Poison.
  1828 | D:3      | 1828 ||| INVOKING Spit Poison.
  1835 | D:3      | 1835 ||| INVOKING Spit Poison.
  1837 | D:3      | Reached skill level 3 in Fighting
  2019 | D:3      | 2019 ||| INVOKING Spit Poison.
  2022 | D:3      | Reached XP level 5. HP: 49/49 MP: 5/5
  2025 | D:3      | 2025 ||| INVOKING Spit Poison.
  2028 | D:3      | 2028 ||| INVOKING Spit Poison.
  2169 | D:3      | 2169 ||| UPGRADING to +2 hat.
  2174 | D:3      | 2174 ||| READING scroll labelled LUAH MOROHE.
  2175 | D:3      | 2175 ||| READING scroll labelled TIAVIO GIEXOMU.
  2197 | D:4      | 2197 ||| INVOKING Spit Poison.
  2198 | D:4      | 2198 ||| INVOKING Spit Poison.
  2202 | D:4      | 2202 ||| STAIRDANCE
  2205 | D:3      | 2205 ||| INVOKING Spit Poison.
  2208 | D:3      | 2208 ||| INVOKING Spit Poison.
  2209 | D:3      | Reached skill level 6 in Ranged Weapons
  2209 | D:3      | Reached XP level 6. HP: 54/56 MP: 6/6
  2253 | D:4      | HP: 6/55 [wight/+2 short sword (10)]
  2253 | D:4      | HP: 1/53 [wight/+2 short sword (5)]
  2253 | D:4      | Slain by a wight

Levels and vault maps discovered:
D:1:      dpeg_cavernosity, layout_basic, serial_shops, shop
D:2:      layout_basic, hellmonk_ecumenical_altar_watching_god, chequers_garden,
          st_stairs_14
D:3:      layout_rooms, trog_three_pillars_becter
D:4:      layout_loops_ring, tso_oasis_becter, minmay_temple_entry_sparse_star,
          ebering_ghost_sewer_d, nicolae_shop_i_like_small_books_too

Skill      XL: |  1  2  3  4  5  6 |
---------------+-------------------+-----
Ranged Weapons | 4 5 6 |  6.1
Fighting       | 3 |  3.0
Dodging        | 2 |  2.2
Stealth        | |  1.5

Action                     |  1- 3 |  4- 6 || total
---------------------------+-------+-------++-------
   Fire: Shortbow          |    72 |    65 ||   137
Ability: Spit Poison       |    29 |    19 ||    48
    Use: Scroll            |       |     6 ||     6
 Armour: Leather armour    |     5 |     9 ||    14
  Dodge: Dodged            |    13 |    23 ||    36

Table legend:
 A = Non-vault XP
 B = Vault XP
 C = Vault XP percentage of total XP
 D = Non-vault monster count
 E = Vault monster count
 F = Vault count percentage of total count
                 A         B        C        D         E       F
            +---------+---------+-------+---------+---------+-------
      Total |     391 |       9 |   2.2 |      67 |       6 |   8.2
            +---------+---------+-------+---------+---------+-------
        D:1 |      24 |       6 |  20.0 |      16 |       4 |  20.0
        D:2 |      70 |       3 |   4.1 |      26 |       2 |   7.1
        D:3 |     182 |       0 |   0.0 |      23 |       0 |   0.0
        D:4 |     115 |       0 |   0.0 |       2 |       0 |   0.0
            +---------+---------+-------+---------+---------+-------
